 Dungeon Crawl Stone Soup version 0.27.1-2-g3b301248ec (webtiles) character file.

Game seed: 16062658634256398235

977 NineInchNils the Sneak (level 8, 0/56 HPs)
             Began as an Octopode Brigand on Sept 24, 2021.
             Slain by a gnoll (5 damage)
             ... on level 5 of the Dungeon.
             The game lasted 00:16:00 (4224 turns).

NineInchNils the Sneak (Octopode Brigand)           Turns: 4224, Time: 00:16:00

Health: 0/56       AC:  3    Str: 19    XL:     8   Next: 17%
Magic:  8/8        EV: 13    Int: 13    God:
Gold:   132        SH:  4    Dex: 13    Spells: 7/7 levels left

rFire    + . .     SeeInvis .   m - +2 rapier of Hatred {flame, +Blink rF+ rCorr}
rCold    + + .     Faith    .   a - +0 buckler {reflect}
rNeg     . . .     Spirit   .   e - +2 hat of Damyezaa {rC+}
rPois    .         Reflect  +   o - amulet of regeneration
rElec    .         Harm     .   h - +6 ring of strength
rCorr    +         Rampage  .   p - +4 ring of slaying
Will     .....                  x - ring of protection from cold
Stlth    ++++......             (no ring)
HPRegen  1.18/turn              (no ring)
MPRegen  0.11/turn              (no ring)
                                (no ring)
                                (no ring)

@: no status effects
A: almost no armour, amphibious, 8 rings, camouflage 1, gelatinous body 1,
(nimble swimmer 1), tentacles
a: Evoke Blink


You were on level 5 of the Dungeon.
You visited 2 branches of the dungeon, and saw 6 of its levels.
You also visited: Ossuary.

You collected 251 gold pieces.
You spent 119 gold pieces at shops.

Inventory:

Hand Weapons
 m - the +2 rapier of Hatred (weapon) {flame, +Blink rF+ rCorr}
   (You acquired it in an ossuary)

   It burns those it strikes, dealing additional fire damage.
   rF:        It protects you from fire.
   +Blink:    It lets you blink.
   rCorr:     It protects you from acid and corrosion.
Missiles
 b - 7 poisoned darts (quivered)
 c - a curare-tipped dart
 w - 4 atropa-tipped darts
Armour
 a - a +0 buckler of reflection (worn)
 e - the +2 hat of Damyezaa (worn) {rC+}
   (You acquired it in an ossuary)

   rC:        It protects you from cold.
Jewellery
 h - a +6 ring of strength (left tentacle)
 o - an amulet of regeneration (around mantle)
 p - a +4 ring of slaying (right tentacle)
 x - a ring of protection from cold (on tentacle)
Wands
 q - a wand of paralysis (11)
 y - a wand of flame (17)
Scrolls
 d - a scroll of magic mapping
 n - a scroll of teleportation
 s - a scroll of fear {unknown}
 t - a scroll of blinking
 u - a scroll of enchant weapon
 v - 3 scrolls of immolation
Potions
 f - a potion of degeneration {unknown}
 g - 3 potions of might {unknown}
 i - a potion of ambrosia {unknown}
 j - a potion of brilliance {unknown}
 k - a potion of haste {unknown}
 l - 5 potions of curing {unknown}
 r - a potion of heal wounds {unknown}
 z - a potion of lignification {unknown}


   Skills:
 * Level 5.4 Fighting
 + Level 3.9 Short Blades
 - Level 4.0 Throwing
 + Level 3.5 Dodging
 - Level 7.0 Stealth
 * Level 2.3 Shields
 + Level 1.6 Evocations


You had 7 spell levels left.
You didn't know any spells.
Your spell library contained the following spells:

 Spells                   Type           Power      Damage    Failure   Level
 Summon Small Mammal      Summ           0%         N/A       36%         1
 Call Canine Familiar     Summ           0%         N/A       75%         3
 Summon Guardian Golem    Hex/Summ       0%         N/A       75%         3
 Vampiric Draining        Necr           0%         2d6       75%         3
 Animate Dead             Necr           0%         N/A       98%         4
 Excruciating Wounds      Necr           0%         N/A       100%        5
 Borgnjor's Revivificati  Necr           0%         N/A       100%        8


Dungeon Overview and Level Annotations

Branches:
Dungeon (5/15)             Temple (1/1) D:4         Ossuary (visited)

Altars:
Elyvilon
Fedhas
Gozag
Nemelex Xobeh
Okawaru
Qazlal
Ru
Sif Muna
Trog
Uskayaw
Vehumet
Wu Jian
Xom
Yredelemnul
Zin

Shops:
D:1 ?   D:2 [


Innate Abilities, Weirdness & Mutations

You cannot wear most types of armour.
You are amphibious.
You can wear up to eight rings at the same time.
Your skin changes colour to match your surroundings (Stealth+).
Your rubbery body absorbs attacks. (AC +1, EV +1)
((You are camouflaged near water. (Stealth+)))
You have tentacles for arms and can constrict up to eight enemies at once.


Message History

You kill the gnoll!
The gnoll misses you.
You hit the gnoll. You burn the gnoll. You grab the gnoll.
The gnoll is severely wounded.
You constrict the gnoll. You block the gnoll's attack.
The gnoll sergeant hits you from afar with a +0 trident of freezing!
You puncture the gnoll! You burn the gnoll.
You kill the gnoll!
The gnoll sergeant hits you from afar with a +0 trident of freezing!
There is an open door here.
You puncture the quokka! You burn the quokka.
You kill the quokka!
The gnoll hits you with a +0 club. The gnoll hits you with a +0 whip.
The gnoll sergeant barely misses you.
You hit the gnoll sergeant. You burn the gnoll sergeant.
You grab the gnoll sergeant. You squeeze the gnoll sergeant.
The gnoll sergeant is lightly wounded.
You constrict the gnoll sergeant, but do no damage.
The gnoll hits you with a +0 club. The gnoll hits you with a +0 whip!
The gnoll sergeant completely misses you.
You hit the gnoll sergeant but do no damage.
The gnoll sergeant is lightly wounded.
You constrict the gnoll sergeant. The gnoll hits you with a +0 club.
The gnoll completely misses you.
The gnoll sergeant hits you with a +0 trident of freezing.
The gnoll sergeant blocks your attack. x2
The gnoll sergeant is lightly wounded.
You constrict the gnoll sergeant. The gnoll closely misses you. x2
You block the gnoll sergeant's attack. The gnoll hits you with a +0 club.
You hit the gnoll sergeant. You burn the gnoll sergeant.
You squeeze the gnoll sergeant!
The gnoll sergeant is almost dead.
You constrict the gnoll sergeant, but do no damage.
The gnoll hits you with a +0 whip.
The gnoll sergeant hits you with a +0 trident of freezing!
* * * LOW HITPOINT WARNING * * *
The gnoll sergeant freezes you.
* * * LOW HITPOINT WARNING * * *
The gnoll hits you with a +0 club.
You die...

...........# ####.......
.........).# ##'##...
....###'#).+P #♣≈P##... .
#...#gg#≈♣#♣≈♣♣≈#...
#...#.##♣≈♣≈♣# P#...
#...#g#♣#♣≈≈≈♣ ♣#...
#...#.#†♣#♣≈♣≈♣ ...
#..g#.#≈♣♣≈♣#♣≈#
#######.g@#.#♣†≈♣# ≈+
#....##.g.#.##'## #
#.........#.....#####
#.........#.........#
#....##...#.........#
#+######'##.........#
#....##...#.........#
#.....#...#.........#
#.....#...#.<.......######


You could see a gnoll sergeant and 2 gnolls.

Vanquished Creatures
  The ghost of Terracrafty the Poker, an amateur MfGl (D:4)
  Menkaure (Ossuary)
  2 necrophages (D:4)
  2 ogres
  A bullfrog zombie (D:5)
  A hound (D:2)
  Ijyb (D:4)
  4 mummies
  Robin (D:3)
  3 adders
  6 gnolls (D:5)
  A howler monkey skeleton (D:4)
  5 dart slugs
  5 orcs (D:3)
  9 endoplasms
  2 giant cockroaches
  6 gnoll zombies (Ossuary)
  22 goblins
  4 hobgoblins
  7 quokkas
  12 ball pythons
  8 bats
  5 frilled lizards
  5 gnoll skeletons (Ossuary)
  2 goblin skeletons (Ossuary)
  2 goblin zombies (Ossuary)
  A hobgoblin skeleton (Ossuary)
  11 hobgoblin zombies (Ossuary)
  7 kobolds
  6 kobold skeletons (Ossuary)
  3 kobold zombies (Ossuary)
  An orc skeleton (Ossuary)
  An orc zombie (Ossuary)
  5 rats
  10 rat skeletons (Ossuary)
  2 rat zombies (Ossuary)
165 creatures vanquished.

Notes
Turn   | Place    | Note
-------+----------+-------------------------------------------
     0 | D:1      | NineInchNils the Octopode Brigand began the quest for the
                  | Orb.
     0 | D:1      | Reached XP level 1. HP: 14/14 MP: 1/1
   213 | D:1      | Reached XP level 2. HP: 19/19 MP: 2/2
   390 | D:1      | Found Gapolaik's Magic Scroll Emporium.
   804 | D:1      | Reached XP level 3. HP: 25/25 MP: 3/3
   912 | D:2      | Found a faded altar of an unknown god.
  1065 | D:2      | Noticed an ogre
  1079 | D:2      | HP: 1/25 [ogre (24)]
  1085 | D:2      | Killed an ogre
  1086 | D:2      | Reached skill level 6 in Stealth
  1086 | D:2      | Reached XP level 4. HP: 9/31 MP: 4/4
  1086 | D:2      | Reached XP level 5. HP: 10/36 MP: 5/5
  1333 | D:2      | Got the Disquisition on Sinister Rites
  1377 | D:2      | Found Gimiloo's Armour Boutique.
  1656 | D:3      | Found a white marble altar of Elyvilon.
  2255 | D:3      | Reached XP level 6. HP: 40/43 MP: 6/6
  2281 | D:3      | Noticed Robin
  2295 | D:3      | Killed Robin
  2553 | D:4      | Found a sand-covered staircase.
  2560 | Ossuary  | Entered an ossuary
  3004 | Ossuary  | Noticed Menkaure
  3013 | Ossuary  | Killed Menkaure
  3014 | Ossuary  | Reached XP level 7. HP: 23/49 MP: 7/7
  3061 | Ossuary  | Identified 2 scrolls of acquirement
  3062 | Ossuary  | Acquired the +2 rapier of Hatred {flame, +Blink rF+ rCorr}
  3063 | Ossuary  | Acquired the +2 hat of Damyezaa {rC+}
  3170 | D:2      | Bought a +0 buckler of reflection for 119 gold pieces
  3243 | D:4      | Found a runed translucent gate.
  3243 | D:4      | Found a runed translucent gate.
  3243 | D:4      | Found a runed translucent gate.
  3243 | D:4      | Noticed Terracrafty's ghost (amateur MfGl)
  3350 | D:4      | Reached skill level 5 in Fighting
  3350 | D:4      | Reached skill level 7 in Stealth
  3350 | D:4      | Reached skill level 1 in Shields
  3368 | D:4      | Noticed Ijyb
  3375 | D:4      | Killed Ijyb
  3376 | D:4      | Reached skill level 1 in Evocations
  3656 | D:4      | Found a staircase to the Ecumenical Temple.
  3662 | Temple   | Entered the Ecumenical Temple
  3917 | D:4      | Found a bloodstained altar of Trog.
  4014 | D:4      | Killed Terracrafty's ghost
  4015 | D:4      | Reached XP level 8. HP: 49/55 MP: 8/8
  4050 | D:5      | Entered Level 5 of the Dungeon
  4224 | D:5      | Slain by a gnoll

Illustrated notes

Levels and vault maps discovered:
D:1:      elethiomel_arrival_fortress_basement, layout_basic, serial_shops,
          nicolae_shop_waterfront, hangedman_feature_mirror
D:2:      kennysheep_six_static_rooms, layout_basic, serial_shops,
          nicolae_lakefront_shop, hellmonk_ecumenical_altar_lost_god,
          serial_bayou_crossing
D:3:      minmay_skewed_foursquare, layout_loops_ring,
          mainiacjoe_overflow_concentric_impassable, corexii_corridor_pit,
          minmay_misc_feat_hallway, uniq_robin
D:4:      layout_rooms, mainiacjoe_overflow_alcove_2, minmay_temple_entry_fiery,
          gup_ossuary_entry_pyramid, ebering_ghost_rock_garden,
          dk_rats_in_the_wall, uniq_ijyb
D:5:      minmay_angry_zag, layout_gridville, mainiacjoe_overflow_cross_hatched,
          supply_closet_lemuel, saegor_snake_ambush
Temple:   nicolae_temple_figure_eight

Skill      XL: |  1  2  3  4  5  6  7  8 |
---------------+-------------------------+-----
Fighting       | 3 4 5 |  5.4
Stealth        | 6 7 |  7.0
Dodging        | 2 3 |  3.5
Throwing       | 3 4 |  4.0
Short Blades   | 3 |  3.9
Shields        | 2 |  2.3
Evocations     | 1 |  1.6

Action                   |  1- 3 |  4- 6 |  7- 9 || total
-------------------------+-------+-------+-------++-------
Melee: Dagger            |    42 |   172 |     6 ||   220
       Tentacles         |     6 |    39 |    14 ||    59
       Constrict         |     5 |    62 |    18 ||    85
       Rapier            |       |       |    45 ||    45
Throw: Dart              |     7 |    10 |       ||    17
  Use: Scroll            |       |     8 |     3 ||    11
 Stab: Sleeping          |    14 |    12 |     5 ||    31
       Distracted        |       |     2 |       ||     2
Armor: Skin              |       |     7 |     3 ||    10
Dodge: Dodged            |     9 |    59 |    20 ||    88
Block: Buckler           |       |       |     5 ||     5
